 Dungeon Crawl Stone Soup version 0.28-a0-628-g3c9886e45e (webtiles) character file.

Game seed: 6269248300524592180

42 bande the Shield-Bearer (level 3, -4/23 HPs)
             Began as a Gargoyle Fighter on Oct 8, 2021.
             Slain by Crazy Yiuf (10 damage)
             ... on level 2 of the Dungeon.
             The game lasted 00:02:45 (1847 turns).

bande the Shield-Bearer (Gargoyle Fighter)          Turns: 1847, Time: 00:02:46

Health: -4/23      AC: 15    Str: 19    XL:     3   Next: 54%
Magic:  3/3        EV:  7    Int:  8    God:
Gold:   119        SH:  4    Dex: 10    Spells: 2/2 levels left

rFire   . . .      SeeInvis .   a - +0 war axe
rCold   . . .      Faith    .   c - +0 buckler
rNeg    + . .      Spirit   .   j - +0 chain mail
rPois   ∞          Reflect  .   t - +2 hat
rElec   +          Harm     .   n - +0 cloak
rCorr   .          Rampage  .   (no gloves)
Will    .....                   (no boots)
Stlth   ..........              (no amulet)
HPRegen 0.07/turn               (no ring)
MPRegen 0.08/turn               (no ring)

@: very slightly contaminated, hasted, invisible, very quick
A: sickness immunity, AC +3, negative energy resistance 1, electricity
resistance, torment resistance 1, petrification resistance
a: no special abilities


You were on level 2 of the Dungeon.
You visited 1 branch of the dungeon, and saw 2 of its levels.

You collected 129 gold pieces.
You spent 10 gold pieces at shops.

Inventory:

Hand Weapons
 a - a +0 war axe (weapon)
 i - a +2 flail of draining
Armour
 c - a +0 buckler (worn)
 j - a +0 chain mail (worn)
 n - a +0 cloak (worn)
 t - a +2 hat (worn)
Scrolls
 b - a scroll of brand weapon {unknown}
 f - a scroll of magic mapping {unknown}
 h - a scroll of amnesia {unknown}
 k - a scroll of enchant armour {unknown}
 l - a scroll of teleportation {unknown}
 o - a scroll of enchant weapon {unknown}
 p - a scroll of noise {unknown}
 q - 2 scrolls of fog {unknown}
 r - a scroll of silence {unknown}
 s - a scroll of identify {unknown}
Potions
 d - a potion of might
 e - a potion of invisibility {unknown}
 m - 2 potions of lignification {unknown}


   Skills:
 + Level 3.5 Fighting
 + Level 2.2 Axes
 + Level 3.8 Armour
 - Level 0.3 Dodging
 + Level 3.8 Shields


You had 2 spell levels left.
You didn't know any spells.
Your spell library was empty.

Dungeon Overview and Level Annotations

Branches:
Dungeon (2/15)

Altars:

Shops:
D:2 !

Annotations:
D:2 Crazy Yiuf


Innate Abilities, Weirdness & Mutations

You are immune to sickness and miasma.
Your stone body is resilient. (AC +3)
You are immune to poison.
You resist negative energy. (rN+)
You are resistant to electric shocks. (rElec)
You are resistant to unholy torment.
You are immune to petrification.


Message History

You hit the fungus. x3; A nearby fungus withers and dies.
You slash the fungus!
The fungus is lightly damaged.
You hit the fungus. x2; A nearby fungus withers and dies. x2
A nearby fungus withers and dies.
Found a mace.
Found a runed translucent door.
Crazy Yiuf shouts!
You open the door. You closely miss Crazy Yiuf. Crazy Yiuf barely misses you.
Crazy Yiuf hits you with a +4 quarterstaff of chaos.
You closely miss Crazy Yiuf.
Crazy Yiuf cries, "Shadow leg seventy!"
Crazy Yiuf hits you with a +4 quarterstaff of chaos!
You hit Crazy Yiuf.
Crazy Yiuf is moderately wounded.
Crazy Yiuf hits you with a +4 quarterstaff of chaos.
Crazy Yiuf freezes you.
* * * LOW HITPOINT WARNING * * *
You block Crazy Yiuf's attack.
You hit Crazy Yiuf.
Crazy Yiuf is moderately wounded.
Crazy Yiuf grits, "Scoff shoe rumpyflump!"
Crazy Yiuf hits you but does no damage.
You hit Crazy Yiuf.
Crazy Yiuf is heavily wounded.
Crazy Yiuf whimpers, "Lay childish water!"
Crazy Yiuf hits you but does no damage.
You fade into invisibility!
You are very lightly contaminated with residual magic.
You hit Crazy Yiuf.
Crazy Yiuf is heavily wounded.
Crazy Yiuf barely misses you. x2
You barely miss Crazy Yiuf.
Crazy Yiuf is heavily wounded.
Crazy Yiuf hits you but does no damage.
You feel yourself speed up.
You catch the helpless Crazy Yiuf completely off-guard!
You hit Crazy Yiuf.
Crazy Yiuf is severely wounded.
Crazy Yiuf hits you with a +4 quarterstaff of chaos!
You die...

#........#####.#
#.......
##....##.# #.#
##..#...
##.#####.# ###
#..#... #.# #.#
###..##.# #.#
#.# #####
#<...##.. ##.#
#.# #..)#
####..### ...#
#.# #...#
######....
###### #.# #.g.#
#.....(... #...#
#.# #@#
#.#####...
##.#.# #.# ♣♣.♣
#.# #... ...#.#
#.# ♣.♣♣ #.#
##+# ####.###.#
♣♣.♣ #.# #..
#.....# ♣.♣♣ #.#
##. #######
♣♣.♣♣ #.#######.
♣...♣♣
#.#.......
♣P...♣
#.#.######
#....# ###.#∩#


You could see Crazy Yiuf.

Vanquished Creatures
  An adder (D:2)
  3 dart slugs
  2 endoplasms
  5 giant cockroaches
  3 hobgoblins
  3 kobolds
  A ball python (D:1)
  4 bats (D:2)
  2 frilled lizards (D:1)
  2 rats (D:2)
26 creatures vanquished.

Vanquished Creatures (others)
  4 fungi (D:2)
4 creatures vanquished.

Grand Total: 30 creatures vanquished

Notes
Turn   | Place    | Note
-------+----------+-------------------------------------------
     0 | D:1      | bande the Gargoyle Fighter began the quest for the Orb.
     0 | D:1      | Reached XP level 1. HP: 14/14 MP: 1/1
   480 | D:1      | Reached XP level 2. HP: 15/19 MP: 2/2
  1242 | D:2      | Reached XP level 3. HP: 22/23 MP: 3/3
  1333 | D:2      | Found a faded altar of an unknown god.
  1564 | D:2      | Found Qialime's Distillery.
  1569 | D:2      | Bought a potion of degeneration for 10 gold pieces
  1834 | D:2      | Found a runed translucent door.
  1835 | D:2      | Noticed Crazy Yiuf
  1847 | D:2      | Slain by Crazy Yiuf

Illustrated notes

Levels and vault maps discovered:
D:1:      pf_arrival_petrified_forest, layout_basic,
          minmay_misc_feat_secret_circle
D:2:      layout_basic, serial_shops, shop, chequers_ecumenical_altar_island,
          solitary_fountain, minmay_heptomino_d4, uniq_crazy_yiuf_cottage

Skill      XL: |  1  2 |
---------------+-------+-----
Axes           | 2 |  2.2
Fighting       | |  3.5
Armour         | |  3.8
Dodging        | |  0.3
Shields        | |  3.8

Action                   || total
-------------------------++-------
Melee: War axe           ||    91
 Stab: Invisible         ||     1
Armor: Scale mail        ||    18
       Chain mail        ||    40
Dodge: Dodged            ||    31
Block: Buckler           ||    12

Table legend: (Time is in decaauts)
 A = Elapsed time spent in this place.
 B = Non-inter-level travel time spent in this place.
 C = Inter-level travel time spent in this place.
 D = Time resting spent in this place.
 E = Time spent auto-exploring this place.
 F = Levels seen in this place.
 G = Mean time per level.
                   A        B        C        D        E       F      G
               +--------+--------+--------+--------+--------+-----+--------+
         Total |   1888 |   1888 |      0 |    339 |   1190 |   2 |  944.0 |
       Dungeon |   1888 |   1888 |      0 |    339 |   1190 |   2 |  944.0 |
               +--------+--------+--------+--------+--------+-----+--------+

Top non-repeatable levels by time:
     D:1: 1109 daAuts
     D:2: 779 daAuts
